 Dungeon Crawl Stone Soup version 0.26-a0-639-g72c4674329 (webtiles) character file.

Game seed: 6279959430945791932

142 Flugslaktarn the Shield-Bearer (level 5, 0/50 HPs)
             Began as a Deep Dwarf Fighter on Sept 27, 2020.
             Slain by Menkaure (18 damage)
             ... on level 4 of the Dungeon.
             The game lasted 00:00:29 (541 turns).

Flugslaktarn the Shield-Bearer (Deep Dwarf Fighter)  Turns: 541, Time: 00:00:30

Health: 0/50       AC:  7    Str: 20    XL:     5   Next: 4%
Magic:  4/4        EV:  7    Int:  8    God:
Gold:   86         SH:  9    Dex: 13    Spells: 4/4 levels left

rFire    . . .     SeeInvis .   a - +0 war axe
rCold    . . .     Faith    .   c - +0 kite shield
rNeg     . . .     Spirit   .   b - +0 scale mail
rPois    .         Reflect  .   (no helmet)
rElec    .         Harm     .   (no cloak)
rCorr    .         Rampage  .   (no gloves)
MR       .....                  (no boots)
Stlth    ..........             (no amulet)
HPRegen  0.00/turn              (no ring)
MPRegen  0.09/turn              (no ring)

@: non-regenerating
A: damage resistance, heal wounds, sense surroundings 1, no regeneration
a: Heal Wounds


You were on level 4 of the Dungeon.
You visited 1 branch of the dungeon, and saw 4 of its levels.

You collected 86 gold pieces.

Inventory:

Hand Weapons
 a - a +0 war axe (weapon)
Armour
 b - a +0 scale mail (worn)
 c - a +0 kite shield (worn)
Scrolls
 h - 2 scrolls of identify {unknown}
Potions
 d - a potion of might
 e - 2 potions of curing {unknown}
 f - a potion of lignification {unknown}
 g - a potion of cancellation {unknown}


   Skills:
 * Level 3.7 Fighting
 * Level 3.8 Axes
 + Level 3.9 Armour
 + Level 3.9 Shields


You had 4 spell levels left.
You didn't know any spells.
Your spell library was empty.

Dungeon Overview and Level Annotations

Branches:
Dungeon (4/15)
 Temple: D:4-7

Altars:
Cheibriados
Elyvilon
Uskayaw

Annotations:
D:4 Menkaure


Innate Abilities, Weirdness & Mutations

You are resistant to damage.
You can heal yourself by infusing magical energy.
You passively map a small area around you.
You do not regenerate.


Message History

Unknown command.
You feel much better. Menkaure hits you!
You hit Menkaure.
Menkaure is moderately damaged.
Menkaure breathes soot at you. Menkaure hits you!
You closely miss Menkaure.
Menkaure is moderately damaged.
You block Menkaure's attack.
You slash Menkaure!
Menkaure is severely damaged.
Menkaure hits you but does no damage.
You hit Menkaure but do no damage.
Menkaure is severely damaged.
You are no longer poisoned.
You block Menkaure's attack.
You hit Menkaure.
Menkaure is almost destroyed.
Menkaure hits you!!
You die...

, ...... < #.#
*#.....,** . #...
#....# .# , ,
#...##....####.# ,
#..............#.#,
,
###..#............#
*
#.........$........
,..#.......#.#.#.##*
..(....@..#.#>#.# ,
..#...M.......#.# ,
#.#..#...†....# *
#.........#<### **
,#.#..#....#...# * *
*######......#.# ≈
≈≈##......... ≈
#...#.# #.# , * ,,
#...#.#, .#*


You could see Menkaure.

Vanquished Creatures
  An orc priest (D:3)
  Terence (D:3)
  A worker ant (D:4)
  4 adders
  A worm (D:2)
  2 dart slugs
  4 orcs (D:3)
  2 goblins (D:2)
  A hobgoblin (D:3)
  A quokka (D:2)
  A ball python (D:1)
  3 kobolds
  6 rats
28 creatures vanquished.

Notes
Turn   | Place    | Note
-------+----------+-------------------------------------------
     0 | D:1      | Flugslaktarn the Deep Dwarf Fighter began the quest for the
                  | Orb.
     0 | D:1      | Reached XP level 1. HP: 20/20 MP: 1/1
   144 | D:2      | Reached XP level 2. HP: 27/27 MP: 2/2
   261 | D:3      | Reached XP level 3. HP: 32/34 MP: 3/3
   295 | D:3      | Noticed Terence
   310 | D:3      | Killed Terence
   310 | D:3      | Reached XP level 4. HP: 39/42 MP: 4/4
   359 | D:3      | Found a snail-covered altar of Cheibriados.
   389 | D:3      | Found a hide-covered altar of Uskayaw.
   390 | D:3      | Found a white marble altar of Elyvilon.
   525 | D:4      | Reached XP level 5. HP: 37/50 MP: 5/5
   529 | D:4      | Noticed Menkaure
   541 | D:4      | Slain by Menkaure

Illustrated notes

Levels and vault maps discovered:
D:1:      evilmike_arrival_rings, layout_basic
D:2:      layout_basic, nicolae_overflow_crystal_walls
D:3:      kennysheep_big_flooded_room, layout_basic, grunt_temple_overflow_open,
          uniq_terence, uniq_ijyb
D:4:      layout_basic, led_sif_pool, uniq_edmund, uniq_eustachio, uniq_sigmund,
          uniq_menkaure

Skill      XL: |  1  2  3 |
---------------+----------+-----
Fighting       | 3 |  3.7
Axes           | 3 |  3.8
Armour         | |  3.9
Shields        | |  3.9

Action                   |  1- 3 |  4- 6 || total
-------------------------+-------+-------++-------
Melee: War axe           |    63 |    36 ||    99
 Abil: Heal Wounds       |       |     2 ||     2
Armor: Scale mail        |    28 |    12 ||    40
Dodge: Dodged            |    19 |     9 ||    28
Block: Kite shield       |    32 |    12 ||    44

Table legend: (Time is in decaauts)
 A = Elapsed time spent in this place.
 B = Non-inter-level travel time spent in this place.
 C = Inter-level travel time spent in this place.
 D = Time resting spent in this place.
 E = Time spent auto-exploring this place.
 F = Levels seen in this place.
 G = Mean time per level.
                   A        B        C        D        E       F      G
               +--------+--------+--------+--------+--------+-----+--------+
         Total |    582 |    530 |     52 |      0 |    309 |   4 |  145.5 |
       Dungeon |    582 |    530 |     52 |      0 |    309 |   4 |  145.5 |
               +--------+--------+--------+--------+--------+-----+--------+

Top non-repeatable levels by time:
     D:3: 309 daAuts
     D:2: 153 daAuts
     D:1: 89 daAuts
     D:4: 30 daAuts
